 Dungeon Crawl Stone Soup version 0.32-a0-38-gb04dd89b9b (webtiles) character file.

Game seed: 3634684278853925506

30 seren the Trooper (level 3, 0/40 HPs)
             Began as an Oni Berserker on Jan 23, 2024.
             Was a Believer of Trog.
             Slain by Sigmund
             ... wielding a +0 scythe
              (6 damage)
             ... on level 2 of the Dungeon.
             The game lasted 00:01:41 (1068 turns).

seren the Trooper (Oni Berserker)                   Turns: 1068, Time: 00:01:41

Health: 0/40       AC:  3    Str: 21    XL:     3   Next: 20%
Magic:  3/3        EV: 10    Int:  8    God:    Trog [**....]
Gold:   125        SH:  0    Dex: 10    Spells: 2/2 levels left

rFire   . . .        a - +0 mace
rCold   . . .        (no shield)
rNeg    . . .        b - +0 animal skin
rPois   .            (helmet unavailable)
rElec   .            (no cloak)
rCorr   .            (gloves unavailable)
SInv    .            (boots unavailable)
Will    .....        (no amulet)
Stlth   +            (no ring)
HPRegen 0.26/turn    (no ring)
MPRegen 0.08/turn

%: no passive effects
@: no status effects
A: large, unfitting armour, horns 3, tough skin 1, double potion healing,
drunken brawling, inability to read after injury 1
a: Renounce Religion, Berserk, Trog's Hand


You were on level 2 of the Dungeon.
You worshipped Trog.
Trog was pleased with you.
You visited 1 branch of the dungeon, and saw 2 of its levels.

You collected 125 gold pieces.

Inventory:

Hand Weapons
 a - a +0 mace (weapon)
Missiles
 e - 23 stones (quivered)
Armour
 b - a +0 animal skin (worn)
Scrolls
 d - 2 scrolls of identify {unknown}
 f - a scroll of teleportation {unknown}
 g - a scroll of silence {unknown}
 h - a scroll of amnesia {unknown}
 j - 2 scrolls of poison {unknown}
 k - a scroll of fear {unknown}


   Skills:
 + Level 4.6 Fighting
 + Level 3.4 Maces & Flails
 + Level 3.1 Dodging


You had 2 spell levels left.
You didn't know any spells.
Your spell library was empty.

Dungeon Overview and Level Annotations

Branches:
Dungeon (2/15)

Altars:

Annotations:
D:2 Sigmund


Innate Abilities, Weirdness & Mutations

You are too large for most types of armour.
You have a pair of large horns on your head.
You have tough skin. (AC +1)
You gain doubled healing and magic from potions.
Whenever you drink a healing potion, you attack all around you.
You occasionally lose the ability to read scrolls when taking damage.


Message History

You feel the effects of Trog's Hand fading.
Something hits you!
* * * LOW HITPOINT WARNING * * *
You take a swig of the potion and twirl your +0 mace.
You barely miss something.
It was a potion of heal wounds.
You savour every drop.
You feel much better.
You closely miss something. Something hits you!
* * * LOW HITPOINT WARNING * * *
You miss something. Your headbutt misses something. Something hits you!
* * * LOW HITPOINT WARNING * * *
You miss something. Something hits you but does no damage.
You miss something. Your headbutt misses something.
Your skin stops crawling.
You feel less strong-willed. Something hits you.
* * * LOW HITPOINT WARNING * * *
You barely miss something. Something hits you!
* * * LOW HITPOINT WARNING * * *
It was a potion of mutation.
You feel extremely strange. The horns on your head grow some more.
You occasionally lose the ability to read scrolls when taking damage.
The horns on your head grow some more.
You take a swig of the potion and twirl your +0 mace.
You barely miss something.
You savour every drop.
You feel much better. Something hits you!
You hit something. Something hits you.
* * * LOW HITPOINT WARNING * * *
You barely miss something. Your headbutt misses something.
You hear some strange, mumbled words.
Something tries to affect you, but you resist.
You miss something. Something hits you!
* * * LOW HITPOINT WARNING * * *
You sock something! Your headbutt misses something. Something hits you.
* * * LOW HITPOINT WARNING * * *
You miss something. You hit something but do no damage. You headbutt something.
Something hits you.
* * * LOW HITPOINT WARNING * * *
You barely miss something. Your headbutt misses something. Something hits you.
* * * LOW HITPOINT WARNING * * *
You closely miss something. Something hits you.
You die...

###########
.........>.
.....########+#######
.....##.............#
.....'#.............#
.....##...... .....#
.....##....#####{...#
.....##......#!.@...#
.....##......#......#
......'..#########..+
.....##.....[#......#
.....##......#......#
#######....#####....#
#.....†.......#
#.............#
#..........†..#


There were no monsters in sight!

Vanquished Creatures
  A dart slug (D:1)
  A ball python (D:1)
  5 bats
  4 endoplasms (D:1)
  3 giant cockroaches (D:1)
  A hobgoblin (D:1)
  4 kobolds
  3 quokkas
  3 rats (D:1)
25 creatures vanquished.

Notes
Turn   | Place    | Note
-------+----------+-------------------------------------------
     0 | D:1      | seren the Oni Berserker began the quest for the Orb.
     0 | D:1      | Reached XP level 1. HP: 24/24 MP: 1/1
     1 | D:1      | Noticed an electric eel
   129 | D:1      | Reached XP level 2. HP: 32/32 MP: 2/2
   848 | D:2      | Reached XP level 3. HP: 40/40 MP: 3/3
  1027 | D:2      | Reached ** piety under Trog
  1040 | D:2      | Noticed Sigmund
  1052 | D:2      | HP: 1/40 [something (9)]
  1059 | D:2      | Gained mutation: You have a pair of horns on your head.
                  | [potion of mutation]
  1059 | D:2      | Gained mutation: You occasionally lose the ability to read
                  | scrolls when taking damage. [potion of mutation]
  1059 | D:2      | Gained mutation: You have a pair of large horns on your
                  | head. [potion of mutation]
  1068 | D:2      | Slain by Sigmund

Illustrated notes

Levels and vault maps discovered:
D:1:      arrival_aquarium_a, layout_basic
D:2:      layout_basic, chequers_serial_rivers_room_b,
          kennysheep_generic_room_16, uniq_jessica, uniq_sigmund

Skill      XL: |  1  2 |
---------------+-------+-----
Dodging        | 3 |  3.1
Fighting       | |  4.6
Maces & Flails | |  3.4

Action                     || total
---------------------------++-------
  Melee: Mace              ||    82
         Headbutt          ||    10
         Punch             ||     1
 Invoke: Trog's Hand       ||     1
    Use: Potion            ||     3
 Armour: Animal skin       ||    75
  Dodge: Dodged            ||    40

Table legend: (Time is in decaauts)
 A = Elapsed time spent in this place.
 B = Non-inter-level travel time spent in this place.
 C = Inter-level travel time spent in this place.
 D = Time resting spent in this place.
 E = Time spent auto-exploring this place.
 F = Levels seen in this place.
 G = Mean time per level.
                   A        B        C        D        E       F      G
               +--------+--------+--------+--------+--------+-----+--------+
         Total |   1087 |   1055 |     32 |      0 |    771 |   2 |  543.5 |
       Dungeon |   1087 |   1055 |     32 |      0 |    771 |   2 |  543.5 |
               +--------+--------+--------+--------+--------+-----+--------+

Top non-repeatable levels by time:
     D:1: 854 daAuts
     D:2: 233 daAuts
